Map: Dusk Towers

Players

migueloco - Winner!

  • Race: Protoss Protoss
  • League: Silver
  • Spawn Location: 7:00

Fropez

  • Race: Protoss Protoss
  • League: Silver
  • Spawn Location: 1:00

VOD

Have the link to the VOD?

Description

Time

  • Played on: July 11, 2016, 1:30 p.m.
  • Length: 7:43
Show
View Real Time Build Order
Export as new Build Order

migueloco Protoss - Winner!

Build Orders: Oracle Opening 

Get SALT Encoding   

  12  0:01  Probe (Chrono Boost)  
  13  0:16  Pylon  
  13  0:17  Probe (Chrono Boost)  
  14  0:28  Probe (Chrono Boost)  
  15  0:41  Probe (Chrono Boost)  
  15  0:42  Gateway  
  16  0:52  Probe (Chrono Boost)  
  17  1:02  Probe (Chrono Boost)  
  18  1:12  Assimilator  
  18  1:13  Probe (Chrono Boost)  
  18  1:16  Pylon  
  19  1:19  Assimilator  
  19  1:23  Probe (Chrono Boost)  
  20  1:39  Cybernetics Core  
  20  1:41  Gateway  
  20  1:42  Probe (Chrono Boost)  
  21  1:50  Pylon  
  21  1:53  Probe (Chrono Boost)  
  22  2:03  Probe (Chrono Boost)  
  23  2:14  Probe (Chrono Boost)  
  24  2:16  Adept  
  26  2:24  Probe (Chrono Boost)  
  26  2:29  Gateway  
  27  2:35  Probe (Chrono Boost)  
  28  2:45  Probe (Chrono Boost)  
  28  2:49  Adept  
  31  2:52  Warp Gate (Chrono Boost)  
  31  3:09  Stargate  
  31  3:29  Stalker  
  31  3:30  Stalker  
  35  3:47  Pylon  
  34  3:55  Oracle (Chrono Boost)  
  37  4:18  Assimilator  
  37  4:23  Assimilator  
  37  4:25  Nexus, Mothership Core  
  39  4:35  Forge  
  39  4:40  Pylon  
  39  4:41  Void Ray (Chrono Boost)  
  39  4:45  Pylon  
  43  4:51  Pylon  
  43  4:53  Adept  
  43  4:54  Stalker  
  35  5:48  Stalker  
  35  5:49  Stalker  
  39  5:50  Stalker  
  39  5:55  Void Ray (Chrono Boost)  
  45  6:01  Probe  
  46  6:08  Photon Cannon  
  46  6:10  Photon Cannon  
  46  6:11  Probe  
  47  6:22  Probe  
  48  6:49  Phoenix (Chrono Boost)  
  48  6:53  Adept  
  52  6:55  Probe  
  53  7:03  Probe  
  53  7:07  Probe  
  55  7:21  Probe  
  55  7:26  Probe  
Show
View Real Time Build Order
Export as new Build Order

Fropez Protoss 

Build Orders:  

Get SALT Encoding   

  12  0:01  Probe (Chrono Boost)  
  13  0:14  Pylon  
  13  0:19  Probe (Chrono Boost)  
  14  0:44  Gateway  
  14  0:47  Gateway  
  14  0:48  Probe (Chrono Boost)  
  15  0:58  Probe (Chrono Boost)  
  16  1:09  Probe (Chrono Boost)  
  17  1:19  Probe (Chrono Boost)  
  17  1:21  Pylon  
  18  1:29  Pylon  
  18  1:30  Probe (Chrono Boost)  
  19  1:39  Cybernetics Core  
  19  1:40  Probe (Chrono Boost)  
  19  1:43  Assimilator  
  19  1:46  Assimilator  
  20  1:51  Probe (Chrono Boost)  
  21  2:09  Probe (Chrono Boost)  
  22  2:18  Warp Gate (Chrono Boost)  
  22  2:20  Probe  
  23  2:28  Gateway  
  23  2:32  Probe  
  24  2:40  Twilight Council  
  24  2:44  Probe  
  25  2:52  Forge  
  25  2:56  Probe  
  26  3:08  Probe  
  27  3:14  Nexus  
  27  3:21  Resonating Glaives (Chrono Boost)  
  27  3:26  Protoss Ground Weapons Level 1  
  27  3:52  Gateway  
  27  4:11  Adept x2  
  27  4:12  Adept  
  33  4:17  Probe  
  34  4:25  Probe  
  34  4:29  Probe  
  36  4:35  Probe  
  36  4:36  Gateway  
  37  4:39  Adept  
  37  4:40  Adept  
  41  4:45  Adept  
  41  4:50  Adept  
  45  5:06  Adept  
  21  5:32  Stalker x3  
  22  5:43  Probe  
  22  5:44  Probe  
  24  5:50  Pylon  
  24  5:55  Probe  
  25  5:57  Probe  
  25  6:03  Pylon  
  26  6:08  Mothership Core  
  26  6:09  Probe  
  29  6:16  Photon Cannon  
  23  6:45  Probe x2  
  25  6:59  Probe  
  25  7:00  Probe  
  27  7:14  Dark Shrine  
  27  7:15  Probe  
  27  7:16  Probe  
  29  7:26  Probe  
  29  7:28  Probe, Assimilator  
Tags
 
Matchup
PvP
Replay Pack
All Mines
Spawn Locations
Cross Positions
Add a new tag
Caveats
  • Supply blocks, unpowered buildings, or Contaminate may cause inaccurate times.
  • Supply counts are checked every 10 seconds.